 Dungeon Crawl Stone Soup version 0.26-a0-667-g92642533e4 (webtiles) character file.

Game seed: 7278760379579008319

8 Gargoyl the Skirmisher (level 2, 31/31 HPs)
             Began as a Gnoll Abyssal Knight on Oct 18, 2020.
             Was an Initiate of Lugonu.
             Quit the game on level 1 of the Dungeon.
             The game lasted 00:00:41 (166 turns).

Gargoyl the Skirmisher (Gnoll Abyssal Knight)        Turns: 166, Time: 00:00:42

Health: 31/31      AC:  8    Str: 14    XL:     2   Next: 8%
Magic:  5/5        EV: 10    Int: 14    God:    Lugonu [......]
Gold:   57         SH:  0    Dex: 10    Spells: 5/5 levels left

rFire    . . .     SeeInvis .   a - +1 hand axe
rCold    . . .     Faith    .   (no shield)
rNeg     . . .     Spirit   .   d - +0 scale mail
rPois    .         Reflect  .   (no helmet)
rElec    .         Harm     .   (no cloak)
rCorr    .         Rampage  .   (no gloves)
MR       .....                  f - +0 pair of boots
Stlth    ..........             (no amulet)
HPRegen  0.10/turn              (no ring)
MPRegen  0.09/turn              (no ring)

@: no status effects
A: distributed training, fangs 1, [clumsy 2], [subdued magic 2], strong nose
a: Renounce Religion


You were on level 1 of the Dungeon.
You worshipped Lugonu.
Lugonu was noncommittal.
You visited 1 branch of the dungeon, and saw 1 of its levels.
You visited the Abyss 1 time.

You collected 57 gold pieces.

Inventory:

Hand Weapons
 a - a +1 hand axe (weapon)
Armour
 d - a +0 scale mail (worn)
 f - a +0 pair of boots (worn)
Scrolls
 b - 3 scrolls of enchant weapon {unknown}


   Skills:
 + Level 7.0 Fighting
 + Level 2.3 Short Blades
 + Level 2.3 Long Blades
 + Level 5.2 Axes
 + Level 2.3 Maces & Flails
 + Level 2.3 Polearms
 + Level 2.3 Staves
 + Level 2.3 Slings
 + Level 2.3 Bows
 + Level 2.3 Crossbows
 + Level 2.3 Throwing
 + Level 5.2 Armour
 + Level 3.5 Dodging
 + Level 2.3 Stealth
 + Level 2.3 Shields
 + Level 2.3 Unarmed Combat
 + Level 2.3 Spellcasting
 + Level 1.9 Conjurations
 + Level 1.9 Hexes
 + Level 1.9 Summonings
 + Level 1.9 Necromancy
 + Level 1.9 Translocations
 + Level 1.9 Transmutations
 + Level 1.9 Fire Magic
 + Level 1.9 Ice Magic
 + Level 1.9 Air Magic
 + Level 1.9 Earth Magic
 + Level 1.9 Poison Magic
 + Level 5.3 Invocations
 + Level 2.3 Evocations


You had 5 spell levels left.
You didn't know any spells.
Your spell library was empty.

Dungeon Overview and Level Annotations

Branches:
Dungeon (1/15)

Altars:


Innate Abilities, Weirdness & Mutations

Your experience applies equally to all skills.
You have very sharp teeth.
Your uncanny sense of smell can sniff out nearby items.
[You are very clumsy. (Dex -4)]
[Your spells are easier to cast, but less powerful.]


Message History

Your Poison Magic skill increases to level 1!
Your Invocations skill increases to level 5!
Your Evocations skill gained 2 levels and is now at level 2!
You have reached level 2!
Unknown command.
Magic restored.
b - 3 scrolls labeled LEOMEO QITHETS You now have 57 gold pieces (gained 11).
Found a robe and a mace.
You see here a robe.
A bat comes into view.
A bat is nearby!
You barely miss the bat. The bat barely misses you.
The bat hits you but does no damage. The bat closely misses you.
You hit the bat.
You kill the bat!
Lugonu accepts your kill.
You see here a bat corpse.
Are you sure you want to abandon this character and quit the game? (Confirm with "yes".)

***,** #........#.## #.
*,*** #........#..###.
*,*,* ##...........##..
#,*,* #........##......
#.#+####.....[.##..##.#
#........########..##.#
#........# ****##..##.#
#.....†.####..,,...##.#
#.....@.......,###.##..
#.......####.#,* #.....
#.#..####***,*,**#.##..
#,#..,,,,,,,,,,,..,,##.
*,#..,,,,***,,...,,,*#.
*****,##.***,***,,..,,,,,##
*,,,,,,,,* *,,,,,,.,,,,*,,#
********∆*******,,,,,,,**,,
*,,,,,,,,,,,,,,,,,,,,,,***,


There were no monsters in sight!

Vanquished Creatures
  A bat (D:1)
1 creature vanquished.

Notes
Turn   | Place    | Note
-------+----------+-------------------------------------------
     0 | Abyss:1  | Gargoyl the Gnoll Abyssal Knight began the quest for the
                  | Orb.
     0 | Abyss:1  | Reached XP level 1. HP: 23/23 MP: 3/3
    75 | Abyss:2  | Noticed a wretched star
    82 | D:1      | Escaped the Abyss
    91 | D:1      | Reached skill level 7 in Fighting
    91 | D:1      | Reached skill level 5 in Axes
    91 | D:1      | Reached skill level 5 in Armour
    91 | D:1      | Reached skill level 1 in Conjurations
    91 | D:1      | Reached skill level 1 in Hexes
    91 | D:1      | Reached skill level 1 in Summonings
    91 | D:1      | Reached skill level 1 in Necromancy
    91 | D:1      | Reached skill level 1 in Translocations
    91 | D:1      | Reached skill level 1 in Transmutations
    91 | D:1      | Reached skill level 1 in Fire Magic
    91 | D:1      | Reached skill level 1 in Ice Magic
    91 | D:1      | Reached skill level 1 in Air Magic
    91 | D:1      | Reached skill level 1 in Earth Magic
    91 | D:1      | Reached skill level 1 in Poison Magic
    91 | D:1      | Reached skill level 5 in Invocations
    91 | D:1      | Reached XP level 2. HP: 31/31 MP: 2/5
   166 | D:1      | Quit the game

Illustrated notes

Levels and vault maps discovered:
D:1:      heliophobic_arrival_dark_side_of_the_moon, layout_basic

Skill      XL: |  1 |
---------------+----+-----
Fighting       | 7 |  7.0
Short Blades   | 2 |  2.3
Long Blades    | 2 |  2.3
Axes           | 5 |  5.2
Maces & Flails | 2 |  2.3
Polearms       | 2 |  2.3
Staves         | 2 |  2.3
Slings         | 2 |  2.3
Bows           | 2 |  2.3
Crossbows      | 2 |  2.3
Throwing       | 2 |  2.3
Armour         | 5 |  5.2
Dodging        | 3 |  3.5
Stealth        | 2 |  2.3
Shields        | 2 |  2.3
Unarmed Combat | 2 |  2.3
Spellcasting   | 2 |  2.3
Conjurations   | 1 |  1.9
Hexes          | 1 |  1.9
Summonings     | 1 |  1.9
Necromancy     | 1 |  1.9
Translocations | 1 |  1.9
Transmutations | 1 |  1.9
Fire Magic     | 1 |  1.9
Ice Magic      | 1 |  1.9
Air Magic      | 1 |  1.9
Earth Magic    | 1 |  1.9
Poison Magic   | 1 |  1.9
Invocations    | 5 |  5.3
Evocations     | 2 |  2.3

Action                   || total
-------------------------++-------
Melee: Hand axe          ||     2
Invok: Depart the Abyss  ||     1
  Use: Scroll            ||     2
       Potion            ||     2
Armor: Scale mail        ||     1
Dodge: Dodged            ||     2

Table legend: (Time is in decaauts)
 A = Elapsed time spent in this place.
 B = Non-inter-level travel time spent in this place.
 C = Inter-level travel time spent in this place.
 D = Time resting spent in this place.
 E = Time spent auto-exploring this place.
 F = Levels seen in this place.
 G = Mean time per level.
                   A        B        C        D        E       F      G
               +--------+--------+--------+--------+--------+-----+--------+
         Total |    165 |    165 |      0 |      0 |     83 |   3 |   55.0 |
       Dungeon |     83 |     83 |      0 |      0 |     65 |   1 |   83.0 |
         Abyss |     81 |     81 |      0 |      0 |     18 |   2 |   40.5 |
               +--------+--------+--------+--------+--------+-----+--------+

Top non-repeatable levels by time:
     D:1: 83 daAuts
 Abyss:2: 59 daAuts
 Abyss:1: 22 daAuts
